 Dungeon Crawl Stone Soup version 0.15.2 (webtiles) character file.

623 magipi the Chopper (level 7, 0/45 HPs)
             Began as a Halfling Berserker on Sept 28, 2015.
             Was a Priest of Trog.
             Killed from afar by an orc wizard (12 damage)
             ... with a puff of frost
             ... on Level 5 of the Dungeon.
             The game lasted 00:19:13 (2327 turns).

magipi the Chopper (Halfling Berserker)             Turns: 2327, Time: 00:19:13

HP   0/45        AC  9     Str 17      XL: 7   Next: 75%
MP   7/7         EV 13     Int  6      God: Trog [***...]
Gold 162         SH  0     Dex 21      Spells:  0 memorised,  6 levels left

rFire  . . .     SeeInvis .     a - +0 hand axe
rCold  . . .     Clarity  .     m - +0 chain mail
rNeg   . . .     rCorr    .     (no shield)
rPois  .         rRot     .     (no helmet)
rElec  .         Spirit   .     (no cloak)
SustAb .         Warding  .     t - +0 pair of gloves
rMut   .         Stasis   .     (no boots)
Gourm  .                        (no amulet)
MR     .....                    (no ring)
                                (no ring)

@: agile, exhausted, very slightly contaminated, not resistant to hostile
enchantments, extremely unstealthy
A: mutation resistance 1
a: Burn Spellbooks, Berserk, Trog's Hand, Renounce Religion


You were on level 5 of the Dungeon.
You worshipped Trog.
Trog was most pleased with you.
You were hungry.

You visited 1 branch of the dungeon, and saw 5 of its levels.

You collected 162 gold pieces.

Inventory:

Hand weapons
 a - a +0 hand axe (weapon)
Armour
 m - a +0 chain mail (worn)
 t - a +0 pair of gloves (worn)
Magical devices
 b - a wand of lightning (2)
Comestibles
 c - a bread ration
 g - a meat ration
 o - a fruit
 w - a rotting chunk of orc flesh
Scrolls
 f - a scroll of remove curse {unknown}
 h - a scroll of magic mapping {unknown}
 j - a scroll of recharging {unknown}
 k - a scroll of enchant weapon {unknown}
 l - a scroll of fear {unknown}
 n - a scroll of enchant armour {unknown}
 p - a scroll of amnesia {unknown}
 q - a scroll of teleportation {unknown}
Potions
 d - 2 potions of resistance
 e - 2 potions of agility
 r - a potion of cure mutation
 u - a potion of might
 v - a potion of cancellation


   Skills:
 - Level 2.6 Fighting
 + Level 7.7 Axes
 - Level 2.1 Armour
 - Level 2.1 Dodging


You had 6 spell levels left.
You didn't know any spells.

Dungeon Overview and Level Annotations

Branches:
Dungeon (5/15)
 Temple: D:4-7

Altars:
Vehumet
Zin


Innate Abilities, Weirdness & Mutations

You are small and have problems with some larger weapons.
You are somewhat resistant to further mutation.

Vault maps used:
D:1:      dpeg_arrival_round_b, hangedman_decor_growths,
          kennysheep_another_room, minmay_misc_feat_four_crosses,
          minmay_misc_feat_chi
D:2:      serial_corexii_hall, corexii_hall_statues_i, corexii_hall_statues_x
D:3:      old_standard_altar
D:4:      overflow_temple_1_default, grunt_dithmenos_shadows, serial_forest,
          infiniplex_forest_lined_room_3, infiniplex_forest_lined_room_2,
          infiniplex_forest_clump_small, infiniplex_forest_lined_room_3,
          infiniplex_forest_end_2, infiniplex_forest_clump_medium,
          infiniplex_forest_clump_long, infiniplex_forest_lined_room_2,
          infiniplex_forest_lined_3
D:5:      serial_shops, nicolae_shop_trees, first_bread


Message History

Trog accepts your kill.
The jackal bites you but does no damage.
Unknown command.
Evoke which item? (* to show all) (? for menu, Esc to quit)
Zapping:
b - a wand of lightning {zapped: 1}
Press: ? - help, Shift-Dir - straight line, f - orc wizard
Aim: an orc wizard, wielding a dagger and wearing a robe (fast)
You hear a mighty clap of thunder!
The bolt of lightning misses the jackal. x2
The bolt of lightning misses the orc wizard.
The jackal bites you but does no damage.
The jackal barely misses you.
Unknown command.
Unknown command.
Unknown command.
You hit the jackal but do no damage.
The jackal bites you but does no damage. x2
Unknown command.
You hit the jackal but do no damage. The jackal barely misses you.
The jackal barely misses you.
Unknown command.
You hit the jackal.
The jackal is moderately wounded.
The orc wizard glows brightly for a moment.
The jackal closely misses you.
Unknown command.
You closely miss the jackal.
The jackal is moderately wounded.
The jackal barely misses you. The jackal closely misses you.
You closely miss the jackal.
The jackal is moderately wounded.
The jackal bites you but does no damage.
The jackal bites you.
You barely miss the jackal.
The jackal is lightly wounded.
The jackal barely misses you. The jackal bites you.
You closely miss the jackal.
The jackal is lightly wounded.
The jackal bites you but does no damage. x2
The orc wizard glows brightly for a moment.
You hit the jackal.
The jackal is moderately wounded.
The jackal barely misses you. x2
You hit the jackal.
You kill the jackal!
Trog accepts your kill. The jackal barely misses you.
The orc wizard glows brightly for a moment.
Drink which item? (? for menu, Esc to quit)
You feel agile all of a sudden. The jackal bites you.
The jackal barely misses you.
You closely miss the jackal.
The jackal bites you but does no damage.
The jackal barely misses you.
You hit the jackal.
The jackal is moderately wounded.
The jackal barely misses you.
The orc wizard gestures wildly while chanting.
You feel troubled. The jackal misses you.
You hit the jackal but do no damage.
The jackal is moderately wounded.
The jackal barely misses you.
The jackal bites you but does no damage.
You hit the jackal.
The jackal is severely wounded.
The jackal misses you.
The jackal bites you but does no damage.
You hit the jackal but do no damage.
The jackal is severely wounded.
The jackal bites you.
You hit the jackal but do no damage.
The jackal is severely wounded.
The jackal bites you but does no damage.
The jackal barely misses you.
You hit the jackal.
You kill the jackal!
Trog accepts your kill.
The orc wizard becomes somewhat translucent.
You hit the orc wizard.
The orc wizard is moderately wounded.
The orc wizard hits you but does no damage.
The orc wizard gestures at you while chanting.
The puff of frost hits you!
You hit the orc wizard.
The orc wizard is heavily wounded.
You feel yourself speed up.
The orc wizard gestures at you while chanting.
The puff of frost hits you!
* * * LOW HITPOINT WARNING * * *
The orc wizard hits you but does no damage.
You barely miss the orc wizard.
The orc wizard is heavily wounded.
The orc wizard hits you with a dagger.
* * * LOW HITPOINT WARNING * * *
The orc wizard hits you but does no damage.
Your chain mail prevents you from hitting the orc wizard.
The orc wizard is heavily wounded.
The orc wizard gestures at you while chanting.
The puff of frost hits you!
You die...

..... #.......#
..... #()[....#
#...# #.<[....# #
#...# # #..(....#
#.#...#.#
####.####
#...h...# #.# #c#
#.#
#o#########.####
#@##...........#
#.)..###.##.#...#
######
#.##.#.#...
#.##.# . ##
#.#... .# #.....
# ###...# #...#
#..


You could see a centaur, an orc wizard and a jackal.

Table legend:
 A = Kills in this place as a percentage of kills in entire the game.
 B = Kills by you in this place as a percentage of kills by you in the entire game.
 C = Kills by friends in this place as a percentage of kills by friends in the entire game.
 D = Other kills in this place as a percentage of other kills in the entire game.
 E = Experience gained in this place as a percentage of experience gained in the entire game.
 F = Experience gained in this place divided by the number of levels of this place that you have seen.
                   A       B       C       D       E      F
               +-------+-------+-------+-------+-------+----------------------
         Total | 100.0 | 100.0 |  -nan |  -nan | 100.0 | 178.2
       Dungeon | 100.0 | 100.0 |  -nan |  -nan | 100.0 | 178.2
               +-------+-------+-------+-------+-------+----------------------

Vanquished Creatures
  The ghost of tognito the Chopper, an average MiBe of Trog (D:4)
  A centaur (D:5)
  A scorpion (D:4)
  A crimson imp (D:5)
  2 orc priests (D:5)
  A hound (D:4)
  3 orc wizards
  4 adders
  3 gnolls (D:2)
  A giant mite (D:3)
  10 orcs
  8 bats
  A bat skeleton (D:4)
  7 giant cockroaches
  5 hobgoblins
  8 jackals
  2 ball pythons (D:1)
  2 giant geckos
  4 giant newts
  4 goblins
  8 kobolds
  A quokka (D:3)
  10 rats
88 creatures vanquished.

Vanquished Creatures (others)
  A crimson imp (D:5)
1 creature vanquished.

Grand Total: 89 creatures vanquished

Notes
Turn   | Place    | Note
--------------------------------------------------------------
     0 | D:1      | magipi, the Halfling Berserker, began the quest for the Orb.
     0 | D:1      | Reached XP level 1. HP: 15/15 MP: 1/1
   135 | D:1      | Reached skill level 3 in Axes
   178 | D:1      | Reached XP level 2. HP: 18/20 MP: 2/2
   514 | D:1      | Reached XP level 3. HP: 16/25 MP: 3/3
   805 | D:2      | Reached skill level 4 in Axes
   807 | D:2      | Reached XP level 4. HP: 30/30 MP: 4/4
   868 | D:2      | Acquired Trog's second power
  1405 | D:3      | Found a glowing silver altar of Zin.
  1417 | D:3      | Reached XP level 5. HP: 35/35 MP: 5/5
  1526 | D:3      | Reached skill level 5 in Axes
  1786 | D:4      | Reached XP level 6. HP: 41/41 MP: 6/6
  1874 | D:4      | Noticed tognito's ghost (average MiBe)
  1894 | D:4      | Killed tognito's ghost
  1894 | D:4      | Reached skill level 6 in Axes
  1894 | D:4      | Reached XP level 7. HP: 17/45 MP: 7/7
  2057 | D:4      | Found a radiant altar of Vehumet.
  2144 | D:5      | Entered Level 5 of the Dungeon
  2225 | D:5      | Reached skill level 7 in Axes
  2327 | D:5      | Killed from afar by an orc wizard

Action                   |  1- 3 |  4- 6 |  7- 9 || total
-------------------------+-------+-------+-------++-------
Melee: Hand axe          |    69 |   138 |    68 ||   275
Invok: Berserk           |     1 |     6 |     3 ||    10
Evoke: Wand              |       |     1 |     1 ||     2
  Use: Scroll            |       |     4 |     3 ||     7
       Potion            |       |     1 |     2 ||     3
 Stab: Sleeping          |     1 |       |       ||     1
       Invisible         |       |       |     5 ||     5
  Eat: Chunk             |       |     5 |     4 ||     9
       Pizza             |       |     1 |       ||     1
       Beef jerky        |       |     1 |       ||     1
       Fruit             |       |     1 |     2 ||     3

Action                   |  1- 3 |  4- 6 |  7- 9 || total
-------------------------+-------+-------+-------++-------
Melee: Hand axe          |    69 |   138 |    68 ||   275
Invok: Berserk           |     1 |     6 |     3 ||    10
Evoke: Wand              |       |     1 |     1 ||     2
  Use: Scroll            |       |     4 |     3 ||     7
       Potion            |       |     1 |     2 ||     3
 Stab: Sleeping          |     1 |       |       ||     1
       Invisible         |       |       |     5 ||     5
  Eat: Chunk             |       |     5 |     4 ||     9
       Pizza             |       |     1 |       ||     1
       Beef jerky        |       |     1 |       ||     1
       Fruit             |       |     1 |     2 ||     3

Action                   |  1- 3 |  4- 6 |  7- 9 || total
-------------------------+-------+-------+-------++-------
Melee: Hand axe          |    69 |   138 |    68 ||   275
Invok: Berserk           |     1 |     6 |     3 ||    10
Evoke: Wand              |       |     1 |     1 ||     2
  Use: Scroll            |       |     4 |     3 ||     7
       Potion            |       |     1 |     2 ||     3
 Stab: Sleeping          |     1 |       |       ||     1
       Invisible         |       |       |     5 ||     5
  Eat: Chunk             |       |     5 |     4 ||     9
       Pizza             |       |     1 |       ||     1
       Beef jerky        |       |     1 |       ||     1
       Fruit             |       |     1 |     2 ||     3
